Map: Acid Plant LE

Players

JonSnow - Winner!

  • Race: Zerg Zerg
  • Spawn Location: 11:00

JackO

  • Race: Protoss Protoss
  • Spawn Location: 5:00

Event: WCS Leipzig 2018

VOD

Have the link to the VOD?

Description

Time

  • Played on: Jan. 26, 2018, 7:31 a.m.
  • Length: 7:48

All games in this series

Show
View Real Time Build Order
Export as new Build Order

JonSnow Zerg - Winner!

Build Orders: Hatch First 

Get SALT Encoding   

  12  0:00  Drone  
  13  0:13  Overlord  
  13  0:19  Drone  
  14  0:32  Drone x2  
  16  0:36  Drone  
  17  0:54  Hatchery  
  17  0:55  Drone  
  17  1:01  Drone  
  18  1:09  Extractor  
  17  1:15  Spawning Pool  
  16  1:18  Drone  
  16  1:21  Drone  
  18  1:29  Drone  
  19  1:39  Overlord  
  19  1:51  Drone  
  20  2:04  Zergling x2, Queen  
  20  2:05  Queen  
  20  2:06  Zergling x2  
  26  2:10  Metabolic Boost  
  26  2:12  Drone  
  27  2:18  Drone  
  28  2:26  Drone  
  28  2:28  Drone  
  30  2:38  Hatchery  
  30  2:40  Drone  
  30  2:51  Drone x3  
  32  2:56  Drone  
  34  3:02  Overlord  
  33  3:07  Drone  
  33  3:10  Overlord  
  33  3:12  Extractor, Queen  
  36  3:22  Zergling x6  
  36  3:24  Drone x3  
  42  3:28  Spore Crawler  
  42  3:33  Zergling x4  
  43  3:39  Spore Crawler  
  43  3:40  Drone  
  43  3:43  Drone  
  43  3:47  Drone x3  
  47  3:48  Lair  
  47  3:54  Drone  
  48  3:56  Queen  
  48  3:58  Drone  
  48  4:01  Drone  
  52  4:06  Drone x3  
  52  4:09  Extractor x2  
  52  4:14  Drone  
  52  4:15  Drone x3  
  55  4:22  Spore Crawler  
  53  4:28  Zergling x10  
  54  4:32  Drone  
  54  4:35  Overlord  
  56  4:38  Drone  
  56  4:40  Drone  
  56  4:43  Overlord x2  
  57  4:48  Overlord  
  57  4:50  Hydralisk Den  
  57  4:52  Overlord  
  56  4:55  Drone  
  56  4:58  Overlord  
  57  5:10  Drone x7  
  62  5:15  Drone x2  
  62  5:17  Drone x2  
  66  5:22  Extractor, Muscular Augments  
  66  5:26  Hydralisk  
  66  5:31  Hydralisk x2  
  69  5:37  Hydralisk x2  
  69  5:40  Hydralisk  
  75  5:45  Hydralisk  
  75  5:46  Zergling x4  
  75  5:47  Zergling x2  
  79  5:55  Hydralisk  
  78  6:03  Hydralisk x2  
  81  6:04  Zergling x10  
  81  6:05  Queen  
  88  6:11  Hydralisk  
  88  6:12  Hydralisk  
  88  6:13  Zergling x6  
  95  6:20  Hydralisk  
  95  6:21  Zergling x2  
  95  6:24  Overlord x2  
  98  6:30  Overlord x2  
  98  6:38  Overlord x2  
  97  6:44  Hydralisk  
  97  6:45  Hydralisk x4  
  107  6:48  Hydralisk  
  107  6:53  Hydralisk x2  
  113  6:55  Zergling x2  
  113  7:00  Hydralisk  
  116  7:01  Zergling x2  
  116  7:02  Zergling x4  
  116  7:03  Hydralisk  
  116  7:08  Hydralisk  
  121  7:09  Zergling x4  
  123  7:18  Hydralisk x2  
  123  7:19  Zergling x4  
  124  7:27  Zergling x2  
Show
View Real Time Build Order
Export as new Build Order

JackO Protoss 

Build Orders: 1 Gate Expand, Oracle Opening, Phoenix Opening 

Get SALT Encoding   

  12  0:00  Probe  
  13  0:12  Probe  
  14  0:20  Pylon  
  14  0:24  Probe  
  15  0:38  Probe (Chrono Boost)  
  15  0:40  Gateway  
  16  0:44  Assimilator  
  16  0:49  Probe (Chrono Boost)  
  17  0:54  Probe (Chrono Boost)  
  18  1:05  Probe  
  19  1:23  Nexus  
  19  1:26  Probe  
  20  1:37  Cybernetics Core  
  20  1:39  Probe  
  21  1:45  Assimilator  
  21  1:51  Probe  
  22  1:57  Pylon  
  22  2:03  Probe  
  23  2:13  Adept (Chrono Boost)  
  25  2:16  Probe  
  25  2:21  Stargate  
  26  2:27  Warp Gate  
  26  2:28  Probe  
  27  2:34  Probe  
  27  2:36  Adept  
  30  2:40  Probe  
  31  2:46  Probe (Chrono Boost)  
  32  2:58  Probe x2 (Chrono Boost)  
  34  3:03  Oracle (Chrono Boost)  
  34  3:04  Probe (Chrono Boost)  
  36  3:05  Probe (Chrono Boost)  
  39  3:13  Probe  
  39  3:15  Adept  
  39  3:16  Probe  
  43  3:24  Pylon  
  43  3:25  Probe  
  44  3:28  Probe  
  44  3:33  Assimilator  
  45  3:35  Phoenix (Chrono Boost)  
  45  3:37  Probe  
  46  3:42  Probe  
  46  3:43  Assimilator  
  47  3:48  Gateway  
  47  3:53  Robotics Facility  
  47  3:54  Probe  
  48  4:01  Probe  
  49  4:06  Pylon  
  49  4:08  Pylon  
  49  4:12  Probe  
  49  4:13  Probe  
  49  4:15  Gateway  
  49  4:17  Oracle (Chrono Boost)  
  52  4:24  Probe  
  52  4:29  Probe  
  54  4:37  Gateway  
  54  4:41  Probe  
  54  4:43  Warp Prism  
  54  4:45  Probe, Gateway  
  57  4:46  Twilight Council  
  58  4:53  Probe  
  58  4:56  Adept  
  58  4:58  Probe  
  62  5:01  Forge  
  62  5:05  Probe  
  62  5:06  Pylon  
  63  5:10  Probe  
  63  5:18  Probe  
  63  5:20  Zealot  
  63  5:21  Resonating Glaives  
  66  5:30  Gateway  
  66  5:32  Pylon  
  66  5:34  Probe  
  65  5:37  Probe  
  65  5:40  Adept  
  64  5:49  Probe  
  62  5:50  Probe, Pylon  
  62  5:52  Pylon  
  62  5:53  Pylon  
  62  6:01  Probe  
  62  6:02  Templar Archives  
  63  6:04  Gateway  
  63  6:05  Gateway  
  63  6:06  Gateway  
  63  6:10  Immortal (Chrono Boost)  
  63  6:11  Sentry  
  63  6:17  Adept  
  71  6:20  Pylon  
  71  6:35  Nexus  
  71  6:36  Adept  
  73  6:42  Adept  
  73  6:43  Adept  
  73  6:44  Observer  
  78  6:47  Adept  
  80  6:56  Adept  
  79  7:04  Adept, Sentry  
  83  7:13  Adept  
  85  7:17  Cybernetics Core  
  85  7:20  Adept, Pylon x3  
  85  7:21  Adept  
  77  7:32  Zealot x2  
  77  7:36  Zealot x2  
Tags
 
Add a new tag
Caveats
  • Supply blocks, unpowered buildings, or Contaminate may cause inaccurate times.
  • Supply counts are checked every 10 seconds.